 Dungeon Crawl Stone Soup version 0.31-a0-840-g6d2ecbb638 (webtiles) character file.

Game seed: 5196473536707782142

39 Ivernyr the Twirler (level 3, -1/19 HPs)
             Began as a Vine Stalker Gladiator on Sept 27, 2023.
             Slain by a water moccasin (3 damage)
             ... on level 3 of the Dungeon.
             The game lasted 00:02:05 (1298 turns).

Ivernyr the Twirler (Vine Stalker Gladiator)        Turns: 1298, Time: 00:02:07

Health: -1/19      AC:  6    Str: 18    XL:     3   Next: 45%
Magic:  0/4        EV: 12    Int:  8    God:
Gold:   30         SH:  0    Dex: 15    Spells: 2/2 levels left

rFire   . . .        a - +0 quarterstaff
rCold   . . .        (shield currently unavailable)
rNeg    . . .        b - +0 leather armour
rPois   .            c - +0 helmet
rElec   .            j - +0 cloak
rCorr   .            k - +0 pair of gloves
SInv    .            (no boots)
Will    .....        (no amulet)
Stlth   +            (no ring)
HPRegen 1.03/turn    (no ring)
MPRegen 0.09/turn

%: guardian spirit
@: lethally poisoned (-1 -> -10)
A: fangs 2, regeneration 1, magic shield, antimagic bite, no potion heal 2
a: no special abilities


You were on level 3 of the Dungeon.
You visited 1 branch of the dungeon, and saw 3 of its levels.

You collected 30 gold pieces.

Inventory:

Hand Weapons
 a - a +0 quarterstaff (weapon)
Missiles
 d - 3 throwing nets (quivered)
 e - a javelin
Armour
 b - a +0 leather armour (worn)
 c - a +0 helmet (worn)
 j - a +0 cloak (worn)
 k - a +0 pair of gloves (worn)
Wands
 l - a wand of acid (7)
Scrolls
 g - a scroll of teleportation {unknown}
 h - a scroll of revelation {unknown}
Potions
 f - a potion of might {unknown}
 i - 2 potions of ambrosia {unknown}


   Skills:
 * Level 2.7 Fighting
 + Level 3.0 Staves
 - Level 1.7 Throwing
 + Level 2.7 Dodging


You had 2 spell levels left.
You didn't know any spells.
Your spell library was empty.

Dungeon Overview and Level Annotations

Branches:
Dungeon (3/15)

Altars:


Innate Abilities, Weirdness & Mutations

You have extremely sharp teeth.
Your natural rate of healing is unusually fast.
When hurt, damage is shared between your health and your magic reserves.
Your bite disrupts and absorbs the magic of your enemies.
Potions cannot restore your health.


Message History

You hit the water moccasin.
The water moccasin is moderately wounded.
The water moccasin barely misses you. The water moccasin bites you.
You are poisoned.
The water moccasin poisons you!
You closely miss the water moccasin. Your bite misses the water moccasin.
The water moccasin is moderately wounded.
You feel very sick. The water moccasin misses you.
The water moccasin bites you but does no damage.
You closely miss the water moccasin. Your bite misses the water moccasin.
The water moccasin is moderately wounded.
You feel sick. The water moccasin bites you.
You are more poisoned.
The water moccasin poisons you!
You sock the water moccasin! Your bite misses the water moccasin.
The water moccasin is heavily wounded.
You feel very sick.
The water moccasin bites you but does no damage.
The water moccasin barely misses you.
You barely miss the water moccasin. You bite the water moccasin.
You drain its power.
You feel invigorated.
The water moccasin is severely wounded.
* * * LOW HITPOINT WARNING * * *
You feel very sick.
The water moccasin bites you but does no damage.
Unknown command.
You miss the water moccasin.
The water moccasin is severely wounded.
* * * LOW HITPOINT WARNING * * *
You feel very sick.
The water moccasin bites you but does no damage.
The water moccasin barely misses you.
You barely miss the water moccasin. Your bite misses the water moccasin.
The water moccasin is severely wounded.
* * * LOW HITPOINT WARNING * * *
You feel sick. The water moccasin bites you.
You are lethally poisoned!
The water moccasin poisons you! The water moccasin bites you.
You die...

... g.. ....# ..
#. ..... .. ..
... . . ... .#.
#.# #^# #.####
#.# #.#
#.....##.#####<#
#.@So......#
####.####### #.#
#.# #.# #.# #.#
#..


You could see a water moccasin and an orc.

Vanquished Creatures
  An adder (D:2)
  7 ball pythons
  2 endoplasms (D:1)
  A goblin (D:2)
  2 hobgoblins (D:2)
  8 jackals
  3 bats
  A kobold (D:2)
  A rat (D:1)
26 creatures vanquished.

Notes
Turn   | Place    | Note
-------+----------+-------------------------------------------
     0 | D:1      | Ivernyr the Vine Stalker Gladiator began the quest for the
                  | Orb.
     0 | D:1      | Reached XP level 1. HP: 11/11 MP: 2/2
   196 | D:1      | Reached XP level 2. HP: 15/15 MP: 3/3
   592 | D:2      | Reached skill level 3 in Staves
   592 | D:2      | Reached XP level 3. HP: 19/19 MP: 4/4
   770 | D:2      | Found a faded altar of an unknown god.
  1286 | D:3      | Noticed a water moccasin
  1298 | D:3      | Slain by a water moccasin

Illustrated notes

Levels and vault maps discovered:
D:1:      ldierk_walled_garden_2, layout_basic, dk_noncrumbling_3
D:2:      layout_basic, hellmonk_ecumenical_altar_arch_garden, kennysheep_boxes
D:3:      layout_loops_ring, biasface_ghost_orc_armoury, skrybe_limestone_x,
          uniq_grinder

Skill      XL: |  1  2 |
---------------+-------+-----
Fighting       | 2 |  2.7
Staves         | 3 |  3.0
Throwing       | |  1.7
Dodging        | |  2.7

Action                     || total
---------------------------++-------
  Melee: Quarterstaff      ||    70
         Bite              ||    15
   Stab: Sleeping          ||     1
 Armour: Leather armour    ||    41
  Dodge: Dodged            ||    50

Table legend: (Time is in decaauts)
 A = Elapsed time spent in this place.
 B = Non-inter-level travel time spent in this place.
 C = Inter-level travel time spent in this place.
 D = Time resting spent in this place.
 E = Time spent auto-exploring this place.
 F = Levels seen in this place.
 G = Mean time per level.
                   A        B        C        D        E       F      G
               +--------+--------+--------+--------+--------+-----+--------+
         Total |   1309 |   1272 |     37 |      0 |   1032 |   3 |  436.3 |
       Dungeon |   1309 |   1272 |     37 |      0 |   1032 |   3 |  436.3 |
               +--------+--------+--------+--------+--------+-----+--------+

Top non-repeatable levels by time:
     D:2: 713 daAuts
     D:1: 578 daAuts
     D:3: 18 daAuts
